Map: Blackpink LE

Players

Maplez - Winner!

  • Race: Protoss Protoss
  • League: Grandmaster
  • Spawn Location: 7:00

Chammy (Cham)

  • Race: Zerg Zerg
  • League: Master
  • Spawn Location: 1:00

VOD

Have the link to the VOD?

Description

Time

  • Played on: March 31, 2018, 11:21 p.m.
  • Length: 12:03
Show
View Real Time Build Order
Export as new Build Order

Maplez Protoss - Winner!

Build Orders: 1 Gate Expand, Oracle Opening, Phoenix Opening, Zealot Archon 

Get SALT Encoding   

  12  0:01  Probe  
  13  0:13  Probe  
  14  0:18  Pylon  
  14  0:25  Probe (Chrono Boost)  
  15  0:38  Probe (Chrono Boost)  
  15  0:39  Gateway  
  16  0:45  Probe (Chrono Boost)  
  17  0:50  Assimilator  
  17  0:52  Probe  
  19  1:04  Probe  
  19  1:16  Probe  
  20  1:24  Nexus  
  20  1:28  Probe  
  21  1:38  Cybernetics Core  
  21  1:40  Probe  
  22  1:47  Assimilator  
  22  1:52  Probe  
  22  1:54  Pylon  
  23  2:12  Probe  
  23  2:13  Adept (Chrono Boost)  
  26  2:22  Stargate  
  26  2:24  Probe  
  27  2:32  Warp Gate  
  27  2:33  Adept (Chrono Boost)  
  27  2:36  Probe (Chrono Boost)  
  31  2:41  Probe (Chrono Boost)  
  31  2:47  Probe (Chrono Boost)  
  31  2:50  Probe (Chrono Boost)  
  33  2:51  Probe (Chrono Boost)  
  33  2:52  Adept  
  36  3:00  Probe  
  36  3:03  Probe  
  38  3:05  Phoenix (Chrono Boost)  
  38  3:11  Pylon  
  38  3:12  Probe  
  41  3:17  Gateway  
  41  3:19  Probe  
  42  3:24  Probe  
  42  3:26  Oracle  
  43  3:32  Probe  
  47  3:34  Assimilator  
  47  3:38  Probe  
  48  3:44  Probe, Robotics Facility  
  48  3:48  Assimilator  
  49  3:50  Probe  
  50  3:56  Pylon, Probe  
  50  4:02  Probe  
  52  4:04  Twilight Council  
  52  4:08  Probe  
  53  4:14  Probe  
  54  4:20  Gateway  
  54  4:21  Gateway  
  54  4:22  Probe  
  55  4:25  Pylon  
  55  4:28  Probe  
  55  4:30  Warp Prism (Chrono Boost)  
  56  4:34  Probe  
  56  4:35  Charge (Chrono Boost)  
  56  4:38  Pylon  
  59  4:46  Templar Archives  
  59  4:52  Pylon  
  59  5:02  Nexus  
  59  5:05  Observer  
  60  5:13  Forge  
  60  5:17  Gateway  
  60  5:18  Gateway  
  60  5:21  Shield Battery  
  60  5:35  High Templar x4  
  62  5:40  Archon x2  
  64  5:47  Gateway  
  63  5:51  Protoss Ground Weapons Level 1 (Chrono Boost), Gateway  
  60  6:12  Zealot x2  
  60  6:13  Zealot x2  
  68  6:21  Probe  
  66  6:37  Zealot x4  
  66  6:38  Nexus  
  74  6:40  Pylon  
  70  6:50  Zealot x3  
  66  6:59  Zealot x4  
  72  7:02  Immortal (Chrono Boost)  
  72  7:03  Psionic Storm  
  72  7:04  Shield Battery  
  72  7:06  Pylon  
  76  7:12  Probe  
  65  7:19  Zealot x6  
  77  7:23  Pylon  
  77  7:28  Zealot  
  79  7:30  Zealot  
  80  7:38  Immortal (Chrono Boost)  
  84  7:51  Zealot  
  84  7:52  Sentry x5  
  96  8:02  Pylon  
  96  8:03  Pylon  
  90  8:09  Shield Battery  
  90  8:11  Pylon  
  90  8:13  Shield Battery  
  86  8:22  Zealot x4  
  83  8:28  Zealot x4  
  83  8:40  Zealot  
  68  8:45  Zealot x2  
  62  8:50  Zealot x2  
  61  8:58  Zealot  
  63  9:06  Zealot  
  63  9:07  Zealot  
  63  9:13  High Templar x2  
  67  9:22  High Templar x2  
  61  9:33  Zealot x2  
  61  9:35  Archon  
  53  9:46  Pylon  
  53  9:48  Zealot x2  
  55  9:53  Archon  
  55  9:55  Immortal (Chrono Boost)  
  55  9:58  High Templar x2  
  59  10:07  High Templar x2  
  63  10:16  High Templar x2  
  67  10:27  Immortal  
  71  10:34  High Templar  
  71  10:35  Zealot  
  74  10:41  Zealot x2  
  78  10:47  Archon x2  
  76  10:50  Zealot x2  
  80  10:57  High Templar  
  82  11:06  High Templar  
  82  11:11  Immortal (Chrono Boost)  
  88  11:22  Zealot x4  
  96  11:32  Pylon  
  96  11:48  Nexus  
Show
View Real Time Build Order
Export as new Build Order

Chammy Zerg 

Build Orders: Hatch First 

Get SALT Encoding   

  12  0:00  Drone  
  13  0:08  Drone  
  14  0:16  Overlord  
  14  0:35  Drone x3  
  17  0:51  Hatchery  
  17  0:55  Drone  
  17  0:58  Drone  
  17  1:01  Extractor  
  17  1:14  Spawning Pool  
  17  1:17  Drone  
  17  1:21  Drone  
  18  1:29  Drone  
  20  1:40  Drone  
  20  1:55  Drone  
  21  2:03  Queen x2  
  21  2:05  Metabolic Boost  
  21  2:06  Drone x2  
  27  2:24  Hatchery  
  27  2:27  Drone  
  27  2:28  Drone  
  28  2:33  Overlord  
  28  2:39  Overlord  
  28  2:51  Queen  
  28  2:52  Zergling x4  
  28  2:53  Zergling x2  
  28  2:54  Zergling x2  
  34  2:58  Drone  
  34  3:01  Overlord  
  35  3:07  Drone  
  35  3:10  Drone x2  
  35  3:12  Drone  
  39  3:13  Drone  
  39  3:17  Overlord  
  39  3:27  Zergling x4  
  39  3:28  Drone x2  
  39  3:29  Overlord  
  43  3:37  Drone  
  43  3:39  Drone  
  43  3:40  Spore Crawler  
  44  3:44  Drone x3  
  47  3:48  Queen  
  47  3:50  Drone  
  47  3:53  Drone  
  51  3:55  Drone  
  51  3:56  Drone  
  51  3:59  Overlord  
  51  4:01  Drone  
  54  4:06  Drone x3  
  57  4:11  Lair  
  57  4:16  Spore Crawler  
  56  4:18  Drone x3  
  56  4:22  Overlord  
  56  4:23  Drone  
  60  4:30  Drone x4  
  64  4:36  Extractor x2  
  64  4:37  Spore Crawler  
  61  4:38  Drone  
  61  4:39  Drone x2, Extractor  
  61  4:44  Overlord x2  
  63  4:51  Zergling x8  
  67  5:03  Drone x2  
  67  5:04  Drone  
  67  5:05  Drone x3  
  67  5:06  Overlord  
  73  5:07  Drone  
  74  5:16  Drone  
  74  5:17  Zergling x6, Hydralisk Den  
  74  5:19  Zergling x2  
  74  5:20  Hatchery  
  77  5:23  Zergling x6  
  77  5:28  Zergling x6  
  83  5:31  Zergling x2  
  83  5:32  Zergling x6  
  83  5:35  Overlord  
  87  5:40  Zergling x4  
  88  5:46  Overlord  
  88  5:47  Overlord  
  88  5:50  Overlord x3  
  88  5:55  Overlord  
  88  5:56  Hydralisk x2  
  88  6:03  Hydralisk  
  88  6:09  Drone x3  
  88  6:10  Drone, Hydralisk  
  88  6:11  Hydralisk  
  88  6:13  Hydralisk  
  88  6:17  Hydralisk x2  
  88  6:18  Hydralisk  
  88  6:26  Hydralisk x3  
  88  6:31  Hydralisk  
  86  6:35  Hydralisk  
  86  6:38  Hydralisk  
  87  6:40  Hydralisk  
  84  6:47  Hydralisk x2  
  84  6:51  Hydralisk  
  83  6:54  Hydralisk  
  83  6:56  Zergling x4  
  87  7:02  Hydralisk x2  
  87  7:03  Zergling x4  
  93  7:13  Hydralisk  
  87  7:17  Zergling x8  
  87  7:18  Zergling x8  
  95  7:25  Hydralisk  
  95  7:26  Zergling x2, Queen x2  
  95  7:28  Hydralisk  
  104  7:30  Zergling x2  
  104  7:34  Queen  
  104  7:36  Zergling x4  
  108  7:38  Zergling x2  
  108  7:46  Hydralisk x2  
  108  7:47  Zergling x2  
  109  7:51  Zergling x4  
  111  7:59  Zergling x6  
  100  8:07  Hydralisk x2  
  100  8:08  Zergling x2  
  102  8:12  Zergling x2  
  94  8:29  Hydralisk x2  
  94  8:30  Zergling x2  
  94  8:31  Hydralisk  
  94  8:33  Zergling x4  
  83  8:45  Zergling x4  
  83  8:47  Zergling x2  
  74  8:54  Zergling x4  
  79  9:01  Zergling x4  
  79  9:05  Zergling x2  
  79  9:08  Zergling x2  
  71  9:12  Zergling x2  
  71  9:17  Zergling x4  
  68  9:23  Zergling x4  
  70  9:28  Zergling x2  
  70  9:29  Hydralisk  
  70  9:30  Zergling x6  
  55  9:39  Hydralisk  
  55  9:41  Zergling x4  
  55  9:44  Zergling x4  
  57  9:48  Hydralisk  
  52  9:54  Hydralisk  
  52  9:55  Zergling x8  
  52  9:56  Zergling x2  
  52  9:57  Zergling x4  
  52  9:58  Zergling x4  
  60  10:00  Zergling x4  
  60  10:05  Hydralisk  
  64  10:09  Hydralisk  
  64  10:12  Zergling x2  
  67  10:17  Hydralisk  
  67  10:18  Zergling x4  
  71  10:22  Hydralisk  
  71  10:26  Zergling x2  
  74  10:32  Hydralisk  
  76  10:37  Hydralisk  
  76  10:45  Hydralisk  
  76  10:46  Zergling x2  
  76  10:49  Zergling x2  
  58  10:55  Hydralisk  
  57  10:59  Hydralisk  
  57  11:10  Hydralisk  
  59  11:19  Drone  
  59  11:21  Hydralisk  
  62  11:27  Hydralisk  
  62  11:32  Hydralisk  
Tags
 
Add a new tag
Caveats
  • Supply blocks, unpowered buildings, or Contaminate may cause inaccurate times.
  • Supply counts are checked every 10 seconds.